AoeStats
← denniel

Arena

510655146Analyzed
4v4 RM · 1d ago on Oct 2, 2026· 44m 40s· 8 players
Game mode
Random Map
Map size
Large (8 player)
Population
200
Speed
Normal
Resources
Standard
Victory
Conquest
Starting age
Dark Age
Ending age
Imperial Age
RankedLock teamsTeams togetherTeam positionsShared explorationLock speedFull tech treeHidden civsTurbo modeCheats
Victory
Defeat
🇺🇸 Franks · United States
942
+13
🇲🇽 Aztecs · Mexico
773
+20
🇦🇷 Muisca · Argentina
754
+20
🇹🇼 Mongols · Taiwan
736
+22
🇲🇽 Franks · Mexico
893
-20
🇹🇷 Armenians · Türkiye
882
-20
🇮🇶 Huns · Iraq
838
-18
🇹🇷 Wei · Türkiye
814
-17
Borzak4113
0:38 Loom
10:07 Feudal Age
10:45 Double-Bit Axe
17:24 Castle Age
19:32 Bow Saw
21:03 Caravan
22:18 Husbandry
31:50 Imperial Age
29:59 Forging
30:33 Scale Barding Armor
31:59 Wheelbarrow
31:10 Town Watch
33:14 Conscription
35:12 Iron Casting
34:58 Chain Barding Armor
ahmadziad777
0:53 Loom
11:51 Feudal Age
13:33 Wheelbarrow
12:46 Double-Bit Axe
12:43 Horse Collar
16:56 Gold Mining
21:23 Castle Age
19:55 Stone Mining
22:53 Hand Cart
22:41 Heavy Plow
22:56 Bow Saw
22:48 Caravan
23:29 Gold Shaft Mining
26:19 Forging
26:15 Scale Barding Armor
30:13 Iron Casting
29:59 Chain Barding Armor
29:47 Marauders
33:59 Imperial Age
32:58 Husbandry
33:12 Bloodlines
34:06 Cavalier
34:56 Cavalier
37:20 Blast Furnace
36:56 Plate Barding Armor
36:43 Paladin
38:18 Conscription
38:00 Paladin
Valhalla
10:31 Feudal Age
10:53 Horse Collar
11:00 Double-Bit Axe
11:43 Gold Mining
11:43 Stone Mining
13:30 Loom
19:10 Castle Age
19:02 Scale Barding Armor
20:44 Heavy Plow
20:56 Bow Saw
22:48 Wheelbarrow
24:07 Loom
27:00 Forging
28:28 Iron Casting
29:41 Gold Shaft Mining
29:41 Stone Shaft Mining
29:51 Chain Barding Armor
35:31 Imperial Age
33:14 Caravan
34:08 Fletching
37:02 Ming Guang Armor
37:09 Parthian Tactics
Mr. KEK
11:27 Feudal Age
13:03 Horse Collar
17:00 Castle Age
21:10 Fervor
21:21 Sanctity
21:09 Fletching
22:05 Heavy Plow
22:23 Squires
21:44 Pikeman
22:10 Gambesons
22:42 Double-Bit Axe
27:28 Caravan
27:32 Loom
28:46 Bow Saw
28:47 Padded Archer Armor
30:08 Wheelbarrow
31:05 Hand Cart
33:28 Ballistics
33:27 Murder Holes
33:13 Treadmill Crane
33:44 Masonry
35:13 Fortified Wall
35:30 Halberdier
36:51 Town Watch
46:57 Imperial Age
Blizzard
10:49 Feudal Age
11:44 Double-Bit Axe
14:46 Castle Age
25:25 Loom
26:19 Wheelbarrow
30:02 Imperial Age
28:29 Gold Mining
28:29 Stone Mining
29:25 Scale Barding Armor
29:30 Forging
29:12 Fletching
30:23 Gold Shaft Mining
30:02 Fortified Wall
29:59 Husbandry
30:13 Cavalier
31:21 Conscription
32:15 Chain Barding Armor
32:31 Iron Casting
35:06 Paladin
36:55 Plate Barding Armor
37:21 Blast Furnace
36:43 Bodkin Arrow
37:12 Ballistics
36:49 Murder Holes
40:50 Chemistry
39:58 Siege Engineers
Thorin escudo de Roble
9:22 Feudal Age
14:46 Castle Age
13:10 Double-Bit Axe
13:48 Stone Mining
15:45 Wheelbarrow
20:58 Horse Collar
21:18 Gold Mining
22:36 Gold Shaft Mining
23:12 Hand Cart
23:29 Heavy Plow
24:17 Bow Saw
25:26 Forging
25:37 Scale Mail Armor
27:24 Iron Casting
30:42 Imperial Age
29:15 Chain Mail Armor
29:22 Gambesons
29:38 Squires
29:44 Pikeman
31:31 Ballistics
31:04 Fletching
31:51 Conscription
33:00 Blast Furnace
32:30 Plate Mail Armor
32:44 Garland Wars
34:13 Capped Ram
34:58 Arson
35:26 Elite Jaguar Warrior
41:12 Siege Engineers
42:58 Spies/Treason
denniel
9:51 Feudal Age
11:22 Loom
11:36 Double-Bit Axe
11:34 Horse Collar
12:37 Wheelbarrow
17:40 Castle Age
21:12 Bow Saw
22:55 Fletching
23:07 Padded Archer Armor
23:59 Hand Cart
24:27 Gold Mining
31:13 Imperial Age
28:57 Bodkin Arrow
29:18 Leather Archer Armor
32:24 Conscription
32:37 Elite Skirmisher
32:45 Elite Mangudai
36:00 Bracer
37:50 Hoardings
38:34 Ballistics
39:14 Chemistry
38:23 Siege Engineers
42:17 Chemistry
41:13 Murder Holes
41:11 Guard Tower
braian4400
3:21 Loom
10:20 Feudal Age
16:08 Castle Age
14:09 Stone Mining
15:49 Fletching
19:28 Wheelbarrow
19:45 Double-Bit Axe
19:54 Horse Collar
21:47 Gold Mining
22:02 Padded Archer Armor
23:38 Bodkin Arrow
23:55 Forging
27:28 Leather Archer Armor
27:16 Scale Mail Armor
27:26 Loom
27:28 Town Watch
27:46 Squires
29:55 Gold Shaft Mining
29:32 Bow Saw
31:28 Chain Mail Armor
31:50 Iron Casting
33:40 Ballistics
33:03 Treadmill Crane
42:29 Imperial Age
44:27 Hand Cart
44:12 Town Patrol
44:36 Conscription
43:50 Spies/Treason
Connection lost

Rejoining the realm…

Still unreachable

The connection could not be restored.

Session expired

The server has moved on; the page needs a fresh start.